 Dungeon Crawl Stone Soup version 0.27.0-1-g7a089689b8 (webtiles) character file.

Game seed: 14958851280376061670

488 x13thangelx the Covered (level 6, -2/87 HPs)
             Began as a Minotaur Fighter on Aug 7, 2021.
             Was a Believer of Makhleb.
             Killed by divine providence
             ... invoked by an orc priest
              (10 damage)
             ... on level 5 of the Dungeon.
             The game lasted 00:11:43 (3622 turns).

x13thangelx the Covered (Minotaur Fighter)          Turns: 3622, Time: 00:11:44

Health: -2/87      AC: 23    Str: 19 (22) XL:     6   Next: 90%
Magic:  5/5        EV:  2    Int:  2 (5)  God:    Makhleb [**....]
Gold:   148        SH:  0    Dex:  9 (10) Spells: 5/5 levels left

rFire    . . .     SeeInvis +   j - +8 demon trident "Rift" {distort, reach+}
rCold    . . .     Faith    .   c - +0 kite shield
rNeg     + + +     Spirit   .   (armour currently unavailable)
rPois    +         Reflect  .   (helmet unavailable)
rElec    .         Harm     .   (cloak currently unavailable)
rCorr    .         Rampage  .   (gloves currently unavailable)
Will     .....     NoTele   +   (boots currently unavailable)
Stlth    +.........             (no amulet)
HPRegen  0.24/turn              k - ring of see invisible
MPRegen  0.09/turn              (no ring)

@: confused, mighty, tree-form, ambrosia-drunk
A: stationary, stasis, torment immunity, boosted hp, (horns 3), (retaliatory
headbutt), sense surroundings 1, robust 1
a: Renounce Religion, Minor Destruction


You were on level 5 of the Dungeon.
You worshipped Makhleb.
Makhleb was pleased with you.
You were a tree.
You visited 1 branch of the dungeon, and saw 5 of its levels.

You collected 148 gold pieces.

Inventory:

Hand Weapons
 a - a +0 vorpal war axe
 j - the +8 demon trident "Rift" (weapon) {distort, reach+}
   (You found it on level 4 of the Dungeon)

   It warps and distorts space around it, and may blink, banish, or inflict
   extra damage upon those it strikes.
   Unwielding it can cause banishment or high damage.
   It can reach especially far, and its reaching attacks ignore other creatures
   in the way.
Missiles
 e - 24 poisoned darts
Armour
 b - a +1 scale mail (melded)
 c - a +0 kite shield (worn)
 m - a +0 pair of gloves (melded)
Jewellery
 f - a ring of wizardry
 k - a ring of see invisible (left branch)
Scrolls
 g - 4 scrolls of identify
 o - a scroll of noise {unknown}
 q - a scroll of amnesia
 t - a scroll of teleportation
 u - a scroll of fog
Potions
 h - a potion of cancellation {unknown}
 i - a potion of attraction {unknown}
 p - a potion of lignification
 s - a potion of berserk rage {unknown}


   Skills:
 + Level 4.6 Fighting
 + Level 5.2(5.6) Axes
 + Level 2.7(4.3) Polearms
 + Level 1.4 Throwing
 + Level 5.3 Armour
 + Level 0.8 Dodging
 + Level 0.5 Stealth
 + Level 4.6 Shields
 + Level 1.0 Invocations


You had 5 spell levels left.
You didn't know any spells.
Your spell library contained the following spells:

 Spells                   Type           Power      Damage    Failure   Level
 Dazzling Flash           Conj/Hex       0%         N/A       100%        3
 Agony                    Necr           0%         N/A       100%        5
 Silence                  Hex/Air        0%         N/A       100%        5


Dungeon Overview and Level Annotations

Branches:
Dungeon (5/15)
 Temple: D:4-7

Altars:
Ashenzari
Hepliaklqana
Makhleb
Sif Muna
Uskayaw

Shops:
D:3 ?


Innate Abilities, Weirdness & Mutations

You are a tree.
Your roots penetrate the ground, keeping you stationary.
You cannot be teleported.
You are immune to unholy pain and torment.
Your maximum health is greatly increased.
Your equipment is partially melded.
((You have a pair of large horns on your head.))
((You reflexively headbutt those who attack you in melee.))
You passively map a small area around you.
You are robust. (+10% HP)


Message History

* * * LOW HITPOINT WARNING * * *
The orc priest barely misses you. You block the orc warrior's attack.
You feel very mighty all of a sudden.
The orc priest hits you but does no damage.
You block the orc warrior's attack.
It was a potion of ambrosia.
You are confused.
You feel invigorated.
The orc priest hits you from afar with a +0 trident.
* * * LOW HITPOINT WARNING * * *
The orc warrior barely misses you.
It was a potion of degeneration.
There was something very wrong with that liquid.
You feel weakened.
You feel dopey.
You feel clumsy.
The orc priest hits you but does no damage.
The orc warrior hits you with a +0 glaive.
* * * LOW HITPOINT WARNING * * *
It was a potion of lignification.
You turn into a tree.
Your +0 pair of gloves melds into your body.
Your +1 scale mail melds into your body.
Your roots penetrate the ground.
The orc priest is no longer covered in acid.
The orc priest hits you but does no damage.
The orc warrior hits you with a +0 glaive!
* * * LOW HITPOINT WARNING * * *
It was a potion of mutation.
You feel extremely strange.
You feel robust.
You feel a strange attunement to the structure of the dungeons.
The horns on your head grow some more.
The orc priest hits you from afar with a +0 trident.
* * * LOW HITPOINT WARNING * * *
The orc warrior hits you with a +0 glaive!
* * * LOW HITPOINT WARNING * * *
You cannot move. (Use ctrl+direction or * direction to attack without moving.)
You cannot move. (Use ctrl+direction or * direction to attack without moving.)
You miss the orc warrior.
The orc warrior is severely wounded.
The orc priest mumbles some strange prayers to Beogh against you.
Beogh smites you!
You die...

# #.. , ..,##
#.# . , #. .
#.##+##.. , ,
oo#8#........ **
*
..o#8.#........
*
.o$o(.oo.......,
* * ,,#o##+#* #
, , * #..#.# .#
#♣...##.# *
#o......###.
.......#........
*
.......#.#####..
.....##.#.<# * *
.....
#.#.........
*.....
#........... *
..##*
#.#.######.# *
#.#.# ,


You could see an orc warrior, an orc priest, an orc wizard (invisible) and an
orc (corroded).

Vanquished Creatures
  Sigmund (D:4)
  A wyvern (D:4)
  A scorpion (D:3)
  An orc priest (D:4)
  An iguana (D:4)
  2 adders (D:4)
  A white imp (D:5)
  A worm (D:2)
  3 dart slugs
  3 orcs (D:4)
  2 bats
  4 endoplasms
  2 giant cockroaches (D:4)
  6 goblins
  2 hobgoblins
  3 jackals (D:1)
  A quokka (D:4)
  6 ball pythons
  4 frilled lizards
  6 kobolds
  3 rats
54 creatures vanquished.

Notes
Turn   | Place    | Note
-------+----------+-------------------------------------------
     0 | D:1      | x13thangelx the Minotaur Fighter began the quest for the
                  | Orb.
     0 | D:1      | Reached XP level 1. HP: 19/19 MP: 0/0
    61 | D:1      | Found a faded altar of an unknown god.
    78 | D:1      | Became a worshipper of Makhleb the Destroyer
    78 | D:1      | Reached * piety under Makhleb
   265 | D:1      | Reached XP level 2. HP: 27/27 MP: 1/1
   899 | D:2      | Found a hazy altar of Hepliaklqana.
  1370 | D:2      | Reached XP level 3. HP: 33/33 MP: 2/2
  1889 | D:3      | Found a shimmering blue altar of Sif Muna.
  2016 | D:3      | Found Ythoikunlo's Magic Scroll Shop.
  2038 | D:3      | Found a broken altar of Ashenzari.
  2255 | D:3      | Noticed a scorpion
  2261 | D:3      | Killed a scorpion
  2262 | D:3      | Reached XP level 4. HP: 30/40 MP: 3/3
  2548 | D:3      | You fall into a shaft and drop 1 floor!
  2583 | D:4      | Found the +8 demon trident "Rift" {distort, reach+}
  2745 | D:4      | Reached ** piety under Makhleb
  2756 | D:4      | Reached skill level 1 in Throwing
  2756 | D:4      | Reached XP level 5. HP: 43/47 MP: 4/4
  3120 | D:4      | Found a hide-covered altar of Uskayaw.
  3121 | D:4      | Noticed Sigmund
  3131 | D:4      | Killed Sigmund
  3132 | D:4      | Reached skill level 5 in Axes
  3132 | D:4      | Reached skill level 1 in Polearms
  3132 | D:4      | Reached skill level 5 in Armour
  3132 | D:4      | Reached XP level 6. HP: 42/53 MP: 5/5
  3214 | D:4      | Noticed a wyvern
  3221 | D:4      | Killed a wyvern
  3222 | D:4      | Reached skill level 1 in Invocations
  3602 | D:5      | Entered Level 5 of the Dungeon
  3607 | D:5      | Noticed an orc warrior
  3621 | D:5      | Gained mutation: You are robust. (+10% HP) [potion of
                  | mutation]
  3621 | D:5      | Gained mutation: You passively map a small area around you.
                  | [potion of mutation]
  3621 | D:5      | Gained mutation: You have a pair of large horns on your
                  | head. [potion of mutation]
  3621 | D:5      | HP: 4/87 [orc warrior (7)]
  3622 | D:5      | Killed from afar by an orc priest

Illustrated notes

Levels and vault maps discovered:
D:1:      dpeg_arrival_erosion, layout_basic, chequers_ecumenical_altar_simple
D:2:      layout_basic, basic_altar
D:3:      layout_loops_corners, overflow_temple_1_default, led_sif_book,
          nicolae_ashenzari_skybound, serial_shops, shop,
          ebering_ghost_disaster_area
D:4:      layout_basic, eat_drink_and_be_merry_uskayaw, serial_co_window_serial,
          co_window_paths_b, co_window_paths_a, co_window_paths_a,
          co_window_corner_a, co_window_corner_a, co_window_corner_cb,
          co_window_2corner, co_window_of_opportunity_b, co_window_corner_cb,
          co_window_corner_cb, co_window_4corner_b, co_window_paths_e,
          glass_columns_a, kennysheep_generic_room_11, uniq_sigmund
D:5:      layout_basic, minmay_temple_entry_trees, guppyfry_early_orc_mine,
          uniq_eustachio

Skill      XL: |  1  2  3  4  5  6 |
---------------+-------------------+-----
Fighting       | 4 |  4.6
Shields        | 4 |  4.6
Armour         | 4 5 |  5.3
Axes           | 3 4 5 |  5.2
Throwing       | 1 |  1.4
Polearms       | 1 2 |  2.7
Invocations    | 1 |  1.0
Dodging        | |  0.8
Stealth        | |  0.5

Action                   |  1- 3 |  4- 6 || total
-------------------------+-------+-------++-------
Melee: War axe           |    71 |     7 ||    78
       Headbutt          |     5 |     3 ||     8
       Demon trident     |       |    25 ||    25
Throw: Dart              |    17 |     1 ||    18
Invok: Minor Destruction |       |     6 ||     6
  Use: Scroll            |     5 |       ||     5
       Potion            |       |     5 ||     5
Armor: Scale mail        |    39 |    12 ||    51
       Skin              |       |     1 ||     1
Dodge: Dodged            |    20 |    11 ||    31
Block: Kite shield       |    38 |    14 ||    52
